 Dungeon Crawl Stone Soup version 0.30-a0-222-ge547ba4400 (webtiles) character file.

Game seed: 14997954283677462545

1823 freelancePsychic the Trooper (level 9, -2/57 HPs)
             Began as a Gargoyle Air Elementalist on Oct 8, 2022.
             Was a Follower of Vehumet.
             Slain by a vampire (6 damage)
             ... on level 6 of the Dungeon.
             The game lasted 00:11:28 (6407 turns).

freelancePsychic the Trooper (GrAE)                 Turns: 6407, Time: 00:11:28

Health: -2/57      AC: 15    Str: 11    XL:     9   Next: 10%
Magic:  17/17      EV: 11    Int: 21    God:    Vehumet [*.....]
Gold:   245        SH:  0    Dex: 10    Spells: 16/19 levels left

rFire   . . .      SeeInvis .    c - +2 dagger (venom)
rCold   . . .      Faith    .    (no shield)
rNeg    + . .      Spirit   .    a - +0 robe
rPois   ∞          Reflect  .    d - +2 helmet
rElec   +          Harm     .    g - +0 cloak
rCorr   .          Rampage  .    s - +2 pair of gloves
Will    .....                    (no boots)
Stlth   ++........               t - amulet of magic regeneration
HPRegen 0.29/turn                (no ring)
MPRegen 0.55/turn                (no ring)

@: about to teleport
A: sickness immunity, AC +6, negative energy resistance 1, electricity
resistance, torment resistance 1, petrification resistance
a: Renounce Religion


You were on level 6 of the Dungeon.
You worshipped Vehumet.
Vehumet was aware of your devotion.
You visited 2 branches of the dungeon, and saw 8 of its levels.

You collected 275 gold pieces.
You spent 30 gold pieces at shops.

Inventory:

Hand Weapons
 c - a +2 dagger of venom (weapon)
 i - a +0 rapier
Armour
 a - a +0 robe (worn)
 d - a +2 helmet (worn)
 g - a +0 cloak (worn)
 s - a +2 pair of gloves (worn)
Jewellery
 m - a ring of fire
 t - an amulet of magic regeneration (around neck)
Wands
 w - a wand of roots (3)
Scrolls
 f - 3 scrolls of immolation
 n - a scroll of butterflies
 v - a scroll of magic mapping {unknown}
 x - a scroll of noise {unknown}
 y - a scroll of amnesia {unknown}
 A - a scroll of enchant armour
Potions
 b - a potion of magic
 e - a potion of might {unknown}
 h - 2 potions of attraction
 j - 2 potions of flight {unknown}
 k - 3 potions of haste {unknown}
 l - 2 potions of ambrosia {unknown}
 o - 2 potions of mutation {unknown}
 p - 2 potions of degeneration {unknown}
 q - a potion of berserk rage {unknown}
 u - a potion of brilliance {unknown}
 z - 2 potions of heal wounds {unknown}
 B - a potion of resistance {unknown}


   Skills:
 + Level 7.3 Fighting
 - Level 1.5 Dodging
 - Level 2.1 Stealth
 - Level 5.7 Spellcasting
 - Level 7.0 Conjurations
 - Level 3.0 Air Magic
 + Level 2.3 Earth Magic


You had 16 spell levels left.
You knew the following spells:

 Your Spells              Type           Power      Damage    Failure   Level
a - Shock                 Conj/Air       100%       1d9       1%          1
b - Static Discharge      Conj/Air       54%        2-5/arc   1%          2

Your spell library contained the following spells:

 Spells                   Type           Power      Damage    Failure   Level
 Sandblast                Erth           30%        2d9       3%          1
 Swiftness                Air            18%        N/A       9%          3
 Vhi's Electric Charge    Tloc/Air       24%        N/A       16%         3
 Airstrike                Air            9%         2d(2-18)  28%         4
 Arcjolt                  Conj/Air       13%        1d23      34%         5
 Lightning Bolt           Conj/Air       13%        1d27      34%         5


Dungeon Overview and Level Annotations

Branches:
Dungeon (7/15)             Temple (1/1) D:6

Altars:
Dithmenos
Fedhas
Gozag
Kikubaaqudgha
Makhleb
Okawaru
Qazlal
Sif Muna
Trog
Uskayaw
Vehumet
Xom
Yredelemnul
Zin

Shops:
D:2 *   D:3 (

Annotations:
D:4 1 runed translucent door, Bediveer's ghost, amateur HORe
D:6 2 transporters, rubashov's ghost, novice MeCA


Innate Abilities, Weirdness & Mutations

You are immune to sickness and miasma.
Your stone body is resilient. (AC +6)
You are immune to poison.
You resist negative energy. (rN+)
You are resistant to electric shocks. (rElec)
You are resistant to unholy torment.
You are immune to petrification.


Message History

Your butterfly disappears in a burst of colours!
The hornet barely misses your butterfly.
Something bites your butterfly!
Your butterfly dies!
Your butterfly disappears in a burst of colours!
The grasping roots constrict the hornet!
You kill the hornet!
Vehumet accepts your kill. Something bites your butterfly!
Your butterfly dies!
Your butterfly disappears in a burst of colours!
Your Fighting skill increases to level 7!
Your Earth Magic skill gained 2 levels and is now at level 2!
You have reached level 9!
Your experience leads to an increase in your attributes!
Increase (S)trength, (I)ntelligence, or (D)exterity?
You feel clever. x2
You swap places.
The black bear barely misses your butterfly.
The black bear claws your butterfly!
Your butterfly dies!
Your butterfly disappears in a burst of colours!
You swap places.
The black bear bites your butterfly.
Your butterfly dies!
Your butterfly disappears in a burst of colours!
The black bear bites your butterfly!
Your butterfly dies!
Your butterfly disappears in a burst of colours!
There is a stone staircase leading up here.
You climb upwards.
Level annotation: 2 transporters, rubashov's ghost, novice MeCA The vampire closely misses you. x2; The vampire hits you!
* * * LOW HITPOINT WARNING * * *
The vampire bites you but does no damage.
There is a stone staircase leading down here.
As you read the scroll of teleportation {@r4}, it crumbles to dust.
You feel strangely unstable. The vampire closely misses you.
The vampire bites you.
You die...

#.≈≈≈≈≈≈≈≈~≈≈≈≈≈≈≈≈.#.### #.##.
#...................).).# #.##.
########.....######.#.#.# #.##. #
##+.###### #.#.#.# #.... #
##...##...####.....# ####. #
##...............#..# #. #
##.......#........#..# ##.
####...........8V8..##..#######..
...'............@................
####...........8.8..##.########..
# ##.......#..............#####.
##......#..........###.......
##...#....#####.#.###.#####.
##'####### #...#...#.# #. #.#
#.#####.#.#####. #.#
#...#...#.##.... #.#
###.#.###.##.##.


You could see a vampire.

Vanquished Creatures
  A hornet (D:7)
  Sigmund (D:6)
  Edmund (D:6)
  A water moccasin (D:6)
  An ice beast (D:5)
  A black bear (D:5)
  2 centaurs (D:6)
  A phantom (D:6)
  A kobold brigand (D:7)
  A bullfrog (D:4)
  2 scorpions (D:5)
  3 hounds
  4 orc priests
  2 iguanas
  Ijyb (D:5)
  5 orc wizards
  5 adders
  A shadow imp (D:6)
  2 worms
  3 dart slugs
  19 orcs
  4 bats
  8 endoplasms
  6 giant cockroaches
  7 goblins
  8 hobgoblins
  6 jackals
  3 quokkas
  11 ball pythons
  3 frilled lizards
  7 kobolds
  4 rats (D:2)
125 creatures vanquished.

Vanquished Creatures (others)
  6 plants (D:6)
6 creatures vanquished.

Grand Total: 131 creatures vanquished

Notes
Turn   | Place    | Note
-------+----------+-------------------------------------------
     0 | D:1      | freelancePsychic the Gargoyle Air Elementalist began the
                  | quest for the Orb.
     0 | D:1      | Reached XP level 1. HP: 10/10 MP: 3/3
   155 | D:1      | Reached XP level 2. HP: 16/16 MP: 3/5
   336 | D:1      | Reached skill level 1 in Fighting
   709 | D:1      | Found a faded altar of an unknown god.
   819 | D:1      | Reached XP level 3. HP: 20/20 MP: 6/6
  1149 | D:2      | Found Suesinig's General Store.
  1252 | D:2      | Learned a level 2 spell: Static Discharge
  1743 | D:2      | Reached XP level 4. HP: 26/26 MP: 2/7
  1998 | D:2      | Bought a scroll of teleportation for 30 gold pieces
  2209 | D:3      | Reached XP level 5. HP: 19/31 MP: 5/8
  2358 | D:3      | Found a large runed translucent door.
  2363 | D:3      | Found a large runed translucent door.
  2371 | D:3      | Found a bloodstained altar of Trog.
  2381 | D:3      | Found a shimmering altar of Xom.
  2497 | D:3      | Found Netsul's Weapon Shoppe.
  3049 | D:4      | Found a runed translucent door.
  3292 | D:4      | Reached XP level 6. HP: 22/37 MP: 2/10
  3691 | D:4      | Noticed Bediveer's ghost (amateur HORe)
  3706 | D:5      | Entered Level 5 of the Dungeon
  3779 | D:5      | Noticed Ijyb
  3787 | D:5      | Killed Ijyb
  3794 | D:5      | Reached XP level 7. HP: 43/43 MP: 6/12
  3861 | D:5      | Identified the +0 chain mail of the Vestibule of Hell {Fly
                  | rC+ Will- Str+7}
  4398 | D:5      | Reached skill level 5 in Conjurations
  4980 | D:6      | Found a basalt altar of Yredelemnul.
  5014 | D:6      | Found a staircase to the Ecumenical Temple.
  5030 | Temple   | Entered the Ecumenical Temple
  5035 | Temple   | Became a worshipper of Vehumet
  5079 | D:6      | Reached skill level 5 in Fighting
  5097 | D:6      | Noticed Sigmund
  5186 | D:6      | Noticed a vampire
  5224 | D:6      | Reached XP level 8. HP: 30/49 MP: 9/14
  5364 | D:6      | Noticed Edmund
  5524 | D:6      | Killed Sigmund
  5525 | D:6      | Reached skill level 5 in Spellcasting
  5633 | D:6      | Killed Edmund
  6102 | D:6      | Found a transporter.
  6103 | D:6      | Found a transporter.
  6106 | D:6      | Identified the +10 trident "Facitziw" {elec, Dex+5}
  6106 | D:6      | Identified the +2 buckler of Duty {-Cast Rampage *Slow
                  | rC+++}
  6207 | D:6      | Noticed rubashov's ghost (novice MeCA)
  6380 | D:7      | Noticed a hornet
  6388 | D:7      | Reached * piety under Vehumet
  6388 | D:7      | Offered knowledge of Sandblast by Vehumet.
  6400 | D:7      | Killed a hornet
  6401 | D:7      | Reached XP level 9. HP: 11/57 MP: 17/17
  6407 | D:6      | Slain by a vampire

Illustrated notes

Levels and vault maps discovered:
D:1:      scummos_arrival_forest, layout_basic,
          shapermc_ecumenical_altar_acropolis
D:2:      layout_rooms, serial_shops, shop, grunt_ministairs_6, minmay_ruptured
D:3:      layout_loops_cross, jmf_multi_god_temple2, serial_shops, shop
D:4:      layout_cave_pools, serial_column_ruins, column_ruins_hut_ruined,
          column_ruins_square_large, column_ruins_open_tiny,
          column_ruins_corridor_corner, column_ruins_grid_4,
          column_ruins_open_small, column_ruins_open_small,
          gammafunk_ghost_grave
D:5:      layout_loops_corners, minivault_1, uniq_ijyb
D:6:      layout_loops_corners, lemuel_doored_altar,
          minmay_temple_entry_steel_oval, gammafunk_ghost_gnarly_gnolls,
          st_stairs_14, uniq_edmund, uniq_sigmund
D:7:      layout_loops_ring, nicolae_ru_great_annihilating_truth,
          gammafunk_ghost_necromancy, minmay_unpleasant_kobolds
Temple:   minmay_freezing_vapour_temple

Skill      XL: |  1  2  3  4  5  6  7  8 |
---------------+-------------------------+-----
Fighting       | 1 2 3 4 5 7 |  7.3
Conjurations   | 2 3 4 5 7 |  7.0
Air Magic      | 3 |  3.0
Spellcasting   | 3 4 5 |  5.7
Earth Magic    | 2 |  2.3
Dodging        | |  1.5
Stealth        | |  2.1

Action                   |  1- 3 |  4- 6 |  7- 9 || total
-------------------------+-------+-------+-------++-------
Melee: Unarmed           |    11 |       |       ||    11
       Rapier            |    24 |    36 |       ||    60
       Dagger            |       |    81 |   121 ||   202
       Punch             |       |     1 |     3 ||     4
 Cast: Shock             |    65 |    33 |    21 ||   119
       Static Discharge  |     7 |    10 |    31 ||    48
Evoke: Wand              |       |       |     4 ||     4
  Use: Scroll            |       |     6 |     4 ||    10
       Potion            |       |     2 |       ||     2
 Stab: Sleeping          |     1 |     2 |     2 ||     5
Armor: Robe              |    20 |    87 |   131 ||   238
Dodge: Dodged            |    34 |    59 |   102 ||   195

Table legend: (Time is in decaauts)
 A = Elapsed time spent in this place.
 B = Non-inter-level travel time spent in this place.
 C = Inter-level travel time spent in this place.
 D = Time resting spent in this place.
 E = Time spent auto-exploring this place.
 F = Levels seen in this place.
 G = Mean time per level.
                   A        B        C        D        E       F      G
               +--------+--------+--------+--------+--------+-----+--------+
         Total |   6420 |   6227 |    193 |     84 |   5183 |   8 |  802.5 |
       Dungeon |   6409 |   6220 |    189 |     84 |   5183 |   7 |  915.6 |
        Temple |     10 |      6 |      4 |      0 |      0 |   1 |   10.0 |
               +--------+--------+--------+--------+--------+-----+--------+

Top non-repeatable levels by time:
     D:6: 1371 daAuts
     D:5: 1272 daAuts
     D:1: 1222 daAuts
     D:2: 984 daAuts
     D:3: 855 daAuts
     D:4: 657 daAuts
     D:7: 45 daAuts
  Temple: 10 daAuts
